 Dungeon Crawl Stone Soup version 0.28-a0-1234-g826d19b2e0 (webtiles) character file.

Game seed: 8035894261718002358

682 Htamos the Unbeliever (level 7, 0/61 HPs)
             Began as a Hill Orc Fighter on Dec 24, 2021.
             Slain by a gnoll (12 damage)
             ... on level 4 of the Dungeon.
             The game lasted 00:05:15 (4701 turns).

Htamos the Unbeliever (Hill Orc Fighter)            Turns: 4701, Time: 00:05:16

Health: 0/61       AC:  9    Str: 19    XL:     7   Next: 61%
Magic:  11/11      EV:  7    Int:  8    God:
Gold:   187        SH:  6    Dex: 24    Spells: 6/6 levels left

rFire   . . .      SeeInvis .   a - +0 war axe
rCold   . . .      Faith    .   c - +0 buckler
rNeg    . . .      Spirit   .   n - +0 chain mail
rPois   .          Reflect  .   (no helmet)
rElec   .          Harm     .   (no cloak)
rCorr   .          Rampage  .   (no gloves)
Will    .....                   (no boots)
Stlth   ..........              (no amulet)
HPRegen 0.20/turn               o - +6 ring of dexterity
MPRegen 0.12/turn               p - +6 ring of dexterity

@: no status effects
A: no striking features
a: no special abilities


You were on level 4 of the Dungeon.
You visited 1 branch of the dungeon, and saw 5 of its levels.

You collected 187 gold pieces.

Inventory:

Hand Weapons
 a - a +0 war axe (weapon)
 f - a +0 mace of draining
 k - a +2 dagger of venom
Armour
 b - a +0 scale mail
 c - a +0 buckler (worn)
 n - a +0 chain mail (worn)
 u - a +1 ring mail of cold resistance
Magical Staves
 i - a staff of cold
Jewellery
 h - a ring of willpower
 o - a +6 ring of dexterity (left hand)
 p - a +6 ring of dexterity (right hand)
 q - a ring of protection from fire
Scrolls
 e - a scroll of enchant armour {unknown}
 g - 2 scrolls of identify {unknown}
 j - 2 scrolls of vulnerability {unknown}
 m - a scroll of torment {unknown}
 r - a scroll of magic mapping {unknown}
Potions
 d - a potion of magic
 l - 3 potions of flight
 s - a potion of heal wounds {unknown}
 t - a potion of invisibility {unknown}
 v - 2 potions of degeneration {unknown}
 w - a potion of curing {unknown}


   Skills:
 + Level 5.2 Fighting
 + Level 5.0 Axes
 + Level 4.8 Armour
 + Level 4.9 Shields
 * Level 6.0 Invocations


You had 6 spell levels left.
You didn't know any spells.
Your spell library contained the following spells:

 Spells                   Type           Power      Damage    Failure   Level
 Passwall                 Tmut/Erth      0%         N/A       100%        2
 Sublimation of Blood     Necr           0%         N/A       100%        2
 Swiftness                Air            0%         N/A       100%        3
 Petrify                  Tmut/Erth      0%         N/A       100%        4
 Irradiate                Conj/Tmut      0%         3d13      100%        5


Dungeon Overview and Level Annotations

Branches:
Dungeon (5/15)
 Temple: D:4-7

Altars:


Message History

Unknown command.
You completely miss the bullfrog zombie.
You hit the gnoll.
The bullfrog zombie hits you but does no damage.
The gnoll misses you. The gnoll hits you with a +0 halberd.
The bullfrog zombie hits you.
You closely miss the gnoll.
The gnoll is moderately wounded.
You barely miss the bullfrog zombie.
The gnoll hits you from afar with a +0 halberd!
The gnoll hits you with a +0 halberd. You block the bullfrog zombie's attack.
The gnoll hits you from afar with a +0 halberd.
Unknown command.
You slash the gnoll!
You kill the gnoll!
You hit the bullfrog zombie. You block the bullfrog zombie's attack.
The bullfrog zombie hits you.
* * * LOW HITPOINT WARNING * * *
You block the gnoll's attack.
Your Axes skill increases to level 5!
Unknown command.
The bullfrog zombie hits you but does no damage.
The gnoll hits you with a +0 halberd.
* * * LOW HITPOINT WARNING * * *
There is a stone staircase leading up here.
Unknown command.
The bullfrog zombie hits you but does no damage.
The gnoll hits you with a +0 halberd.
* * * LOW HITPOINT WARNING * * *
You climb upwards.
There is a stone staircase leading down here.
You barely miss the gnoll. The gnoll hits you but does no damage.
You hit the gnoll.
The gnoll is moderately wounded.
The gnoll hits you with a +0 halberd!
* * * LOW HITPOINT WARNING * * *
You hit the gnoll.
The gnoll is severely wounded.
The gnoll hits you with a +0 halberd!
You die...

.......#..#.#######..#
##########
#.....<#.#...........#
.......#.#....)......#
....####.#.###########
.#.......#.....(.#
.#.......#######.#
.###)##..#######.##
................g.##
##.#.##########.@..#
##.....).....####..###
##.#.#.#######
##....############
##.#.#.#
#.#...............
##.###.#
###.###.############
##.....#######.......#
.............#.#######
############†#.# #.#.#


You could see a gnoll.

Vanquished Creatures
  Menkaure (D:4)
  A black bear (D:3)
  A hornet zombie (D:4)
  Jessica (D:2)
  Natasha (thrice) (D:2)
  An orc wizard (D:3)
  Ijyb (D:4)
  An iguana (D:4)
  6 adders
  6 gnolls
  An adder skeleton (D:4)
  A worm (D:3)
  A dart slug (D:1)
  4 orcs (D:3)
  5 ball pythons
  6 endoplasms
  3 giant cockroaches
  11 goblins
  6 hobgoblins
  6 jackals
  3 bats
  4 frilled lizards
  6 kobolds
  6 rats
85 creatures vanquished.

Notes
Turn   | Place    | Note
-------+----------+-------------------------------------------
     0 | D:1      | Htamos the Hill Orc Fighter began the quest for the Orb.
     0 | D:1      | Reached XP level 1. HP: 19/19 MP: 1/1
   120 | D:1      | Reached XP level 2. HP: 21/27 MP: 2/2
   288 | D:1      | Reached skill level 1 in Invocations
   822 | D:2      | Reached XP level 3. HP: 33/33 MP: 4/4
   826 | D:2      | Reached skill level 2 in Invocations
  1291 | D:2      | Noticed Jessica
  1307 | D:2      | Killed Jessica
  1308 | D:2      | Reached XP level 4. HP: 33/40 MP: 4/6
  1415 | D:2      | Reached skill level 3 in Invocations
  1691 | D:2      | Noticed Natasha
  1704 | D:2      | Killed Natasha
  1705 | D:2      | Reached XP level 5. HP: 26/46 MP: 7/7
  1878 | D:2      | Noticed Natasha
  1885 | D:2      | Killed Natasha
  2031 | D:2      | Noticed Natasha
  2043 | D:2      | Killed Natasha
  2330 | D:3      | Reached skill level 4 in Invocations
  2602 | D:3      | Reached XP level 6. HP: 53/53 MP: 9/9
  3234 | D:4      | Noticed a black bear
  3248 | D:3      | Killed a black bear
  3467 | D:4      | Noticed Menkaure
  3478 | D:4      | Killed Menkaure
  3479 | D:4      | Reached skill level 5 in Invocations
  3479 | D:4      | Reached XP level 7. HP: 4/60 MP: 10/10
  3808 | D:4      | Reached skill level 5 in Fighting
  4081 | D:4      | Noticed Ijyb
  4086 | D:4      | Paralysed by Ijyb for 5 turns
  4102 | D:4      | Killed Ijyb
  4689 | D:5      | Entered Level 5 of the Dungeon
  4691 | D:5      | Reached skill level 6 in Invocations
  4696 | D:5      | Reached skill level 5 in Axes
  4701 | D:4      | Slain by a gnoll

Illustrated notes

Levels and vault maps discovered:
D:1:      psy_arrival_terrarium, layout_basic, hex_medium
D:2:      layout_rooms, kennysheep_small_spiral, uniq_jessica, uniq_natasha
D:3:      layout_loops_ring
D:4:      layout_basic, uniq_menkaure, uniq_ijyb
D:5:      layout_basic, serial_bayou_pond_a

Skill      XL: |  1  2  3  4  5  6  7 |
---------------+----------------------+-----
Axes           | 3 4 5 |  5.0
Invocations    | 1 2 3 4 5 6 |  6.0
Fighting       | 4 5 |  5.2
Armour         | 4 |  4.8
Shields        | 4 |  4.9

Action                   |  1- 3 |  4- 6 |  7- 9 || total
-------------------------+-------+-------+-------++-------
Melee: War axe           |    88 |   131 |    93 ||   312
       Mace              |    17 |       |       ||    17
  Use: Potion            |     2 |     2 |       ||     4
Armor: Scale mail        |    44 |     7 |       ||    51
       Chain mail        |       |    54 |    53 ||   107
Dodge: Dodged            |    48 |    37 |    30 ||   115
Block: Buckler           |    20 |    28 |    27 ||    75

Table legend: (Time is in decaauts)
 A = Elapsed time spent in this place.
 B = Non-inter-level travel time spent in this place.
 C = Inter-level travel time spent in this place.
 D = Time resting spent in this place.
 E = Time spent auto-exploring this place.
 F = Levels seen in this place.
 G = Mean time per level.
                   A        B        C        D        E       F      G
               +--------+--------+--------+--------+--------+-----+--------+
         Total |   4835 |   4727 |    108 |   1025 |   2941 |   5 |  967.0 |
       Dungeon |   4835 |   4727 |    108 |   1025 |   2941 |   5 |  967.0 |
               +--------+--------+--------+--------+--------+-----+--------+

Top non-repeatable levels by time:
     D:3: 1688 daAuts
     D:2: 1300 daAuts
     D:4: 1000 daAuts
     D:1: 836 daAuts
     D:5: 9 daAuts
